Map: Submarine LE

Players

Iceweaver - Winner!

  • Race: Zerg Zerg
  • League: Silver
  • Spawn Location: 11:00

MoominPlaya

  • Race: Terran Terran
  • League: Gold
  • Spawn Location: 5:00

VOD

Have the link to the VOD?

Description

Time

  • Played on: June 17, 2020, 6:39 p.m.
  • Length: 19:48
Show
View Real Time Build Order
Export as new Build Order

Iceweaver Zerg - Winner!

Build Orders: Hatch First, Swarm Host 

Get SALT Encoding   

  12  0:02  Drone  
  13  0:08  Drone  
  14  0:16  Overlord  
  14  0:37  Drone x3  
  17  0:53  Hatchery  
  16  0:58  Drone  
  16  1:00  Extractor  
  16  1:04  Drone  
  17  1:10  Drone  
  18  1:27  Spawning Pool  
  18  1:31  Drone x2  
  19  1:46  Drone  
  20  2:16  Drone x2  
  20  2:17  Drone x2  
  20  2:18  Hatchery, Drone  
  24  2:24  Queen  
  26  2:33  Queen  
  28  2:48  Overlord x2  
  28  3:08  Drone  
  28  3:09  Drone x2  
  28  3:12  Metabolic Boost  
  31  3:15  Queen  
  34  3:27  Drone  
  34  3:28  Drone x3  
  34  3:30  Queen  
  34  3:31  Drone  
  40  3:46  Zergling x12  
  46  3:54  Evolution Chamber  
  46  3:55  Overlord, Evolution Chamber  
  40  4:16  Zergling x2  
  40  4:17  Zergling x12  
  40  4:18  Queen  
  35  4:41  Zergling x8  
  35  4:44  Zerg Melee Weapons Level 1, Zerg Ground Armor Level 1  
  36  4:46  Drone  
  36  4:47  Drone x2  
  36  5:20  Zergling x18  
  45  5:23  Drone x4  
  45  5:24  Drone  
  50  5:29  Overlord  
  50  5:30  Overlord x2  
  50  6:03  Zergling x2  
  50  6:04  Zergling x20  
  57  6:10  Drone  
  57  6:11  Drone x4  
  64  6:20  Zergling x2  
  64  6:21  Zergling x2  
  66  6:37  Lair  
  66  6:38  Drone x2  
  66  6:39  Drone x2  
  64  7:02  Hatchery  
  64  7:08  Baneling Nest  
  62  7:14  Zergling x2  
  62  7:15  Zergling x22  
  74  7:18  Overlord  
  74  7:39  Drone  
  74  7:40  Drone x4  
  74  7:41  Drone x2  
  74  7:42  Drone  
  82  7:45  Overlord  
  82  7:46  Overlord x3  
  59  8:08  Zergling x2  
  59  8:09  Zergling x36  
  73  8:20  Queen  
  73  8:22  Drone  
  73  8:25  Zerg Ground Armor Level 2, Zerg Melee Weapons Level 2  
  73  8:26  Centrifical Hooks  
  76  8:43  Extractor  
  76  8:45  Extractor  
  76  8:46  Extractor  
  73  8:49  Baneling x6  
  69  9:07  Drone  
  69  9:09  Drone x3  
  73  9:14  Zergling x2  
  73  9:15  Zergling x36  
  92  9:18  Baneling  
  92  9:19  Baneling x2  
  92  9:30  Drone  
  93  9:46  Hatchery  
  93  9:47  Drone  
  93  9:48  Zergling x10  
  93  9:49  Zergling x28  
  93  9:52  Hatchery, Baneling x4  
  75  10:31  Zergling x2  
  75  10:32  Zergling x28  
  75  10:34  Queen  
  77  10:50  Zergling x10  
  80  11:11  Infestation Pit  
  80  11:14  Drone x3  
  80  11:15  Hatchery, Drone  
  80  11:16  Drone  
  80  11:17  Queen  
  85  11:22  Drone x2  
  85  11:24  Queen  
  89  11:29  Zergling x28  
  89  11:30  Zergling x4  
  105  11:35  Baneling x10  
  105  11:36  Baneling x10  
  105  11:41  Drone x2  
  71  12:29  Hydralisk Den  
  70  12:30  Zerg Missile Weapons Level 1  
  70  12:48  Swarm Host  
  70  12:49  Swarm Host x3  
  94  12:58  Extractor  
  94  12:59  Drone x2, Extractor  
  94  13:00  Drone  
  94  13:01  Drone x3  
  98  13:06  Swarm Host  
  104  13:20  Zergling x2  
  104  13:21  Zergling x28  
  104  13:22  Zergling x38  
  104  13:24  Overlord x2  
  104  13:25  Overlord x5  
  122  13:55  Drone x5  
  127  14:00  Baneling Nest  
  126  14:03  Evolution Chamber  
  125  14:13  Burrow  
  125  14:21  Hive  
  125  14:24  Drone x4  
  127  14:25  Drone x2  
  127  14:26  Drone  
  127  14:28  Extractor  
  127  14:30  Extractor  
  127  14:58  Hydralisk x8  
  143  15:00  Hydralisk  
  143  15:01  Hydralisk x17  
  164  15:43  Drone x2  
  164  15:44  Drone  
  167  15:50  Zerg Missile Weapons Level 2  
  167  15:52  Zerg Ground Armor Level 3  
  152  16:01  Hydralisk  
  152  16:02  Hydralisk x4  
  162  16:16  Viper  
  165  16:22  Drone  
  165  16:23  Drone x4  
  169  16:47  Spore Crawler x2  
  158  16:56  Drone  
  158  16:57  Drone  
  158  16:58  Drone x2  
  158  16:59  Queen  
  164  17:01  Hydralisk  
  164  17:02  Hydralisk x14  
  194  17:19  Overlord  
  194  17:52  Grooved Spines  
  194  18:00  Hydralisk x2  
  91  18:31  Hydralisk x8  
  91  18:32  Hydralisk x18  
  131  18:36  Zergling x20  
  131  18:37  Zergling x40  
  161  18:58  Drone x3  
  161  18:59  Drone x2  
  161  19:00  Extractor  
  161  19:02  Overlord, Extractor  
Show
View Real Time Build Order
Export as new Build Order

MoominPlaya Terran 

Build Orders:  

Get SALT Encoding   

  12  0:00  SCV  
  13  0:12  SCV  
  14  0:19  Supply Depot  
  14  0:24  SCV  
  15  0:30  Refinery  
  15  0:41  SCV  
  16  0:53  SCV, Barracks  
  17  1:05  SCV  
  17  1:10  Barracks  
  18  1:17  SCV  
  19  1:46  Barracks  
  19  1:49  SCV  
  20  1:54  Supply Depot  
  20  1:58  Reaper  
  20  1:59  Reaper  
  22  2:01  SCV  
  23  2:16  SCV  
  24  2:23  Supply Depot  
  24  2:25  Barracks  
  24  2:32  SCV  
  25  2:44  SCV, Barracks  
  25  2:50  Reaper x2  
  28  2:55  Marine  
  29  3:12  Marine  
  29  3:18  Marine  
  31  3:30  Marine  
  31  3:32  Marine  
  33  3:36  Marine  
  33  3:39  Supply Depot  
  34  3:41  Supply Depot  
  34  3:44  Supply Depot  
  34  3:48  Marine  
  34  3:50  Marine  
  34  3:52  Engineering Bay  
  34  3:54  Marine  
  37  4:08  Marine  
  29  4:57  Marine x2  
  32  5:06  Orbital Command  
  32  5:12  Factory  
  24  5:22  Command Center  
  24  5:27  Refinery x2  
  24  5:30  Supply Depot  
  24  5:32  Marine x2  
  26  5:41  Refinery  
  26  5:44  Factory  
  26  5:49  Marine  
  25  5:50  Marine  
  21  6:17  Marine x2  
  23  6:30  Factory Tech Lab x2  
  23  6:35  Marine x2  
  23  6:36  SCV  
  26  6:48  SCV  
  27  7:09  Siege Tank x2  
  27  7:13  Marine x2  
  35  7:22  Command Center  
  35  7:27  Starport  
  35  7:28  SCV  
  36  7:30  Marine x2  
  38  7:40  SCV  
  38  7:42  Engineering Bay  
  32  8:15  Barracks Tech Lab x2  
  32  8:19  Marine x2  
  34  8:22  Siege Tank  
  37  8:27  Starport Reactor  
  37  8:34  Barracks Reactor, Siege Tank  
  40  8:37  Marine x2  
  40  8:40  Supply Depot  
  42  8:44  Engineering Bay  
  42  8:55  Marine  
  43  9:06  Barracks Reactor  
  43  9:13  SCV  
  43  9:14  Supply Depot  
  44  9:18  Marine  
  44  9:19  Marine x3  
  44  9:21  SCV  
  49  9:25  SCV  
  49  9:28  Medivac x2  
  54  9:33  SCV  
  54  9:37  SCV  
  56  9:45  SCV  
  57  9:48  Marine x3  
  57  9:49  SCV, Marine x3  
  64  9:58  Medivac  
  66  10:01  SCV x2  
  68  10:13  SCV x2  
  70  10:18  Supply Depot  
  70  10:25  SCV  
  58  10:59  Barracks  
  58  11:00  Barracks  
  58  11:03  Barracks  
  58  11:05  Supply Depot  
  58  11:09  Supply Depot  
  58  11:12  SCV  
  58  11:14  Refinery  
  58  11:18  Liberator  
  62  11:27  SCV, Marine x3, Liberator  
  69  11:33  Refinery  
  69  11:37  Supply Depot  
  69  11:40  Orbital Command  
  69  11:45  Marine x3  
  76  11:49  Siege Tank x2  
  78  11:58  Marine x2  
  81  12:02  Marine x2  
  80  12:16  Marine  
  80  12:20  Marine  
  82  12:28  Barracks  
  82  12:30  Barracks  
  82  12:52  Supply Depot  
  82  12:55  Terran Infantry Weapons Level 1  
  82  12:59  Engineering Bay  
  82  13:03  SCV  
  82  13:04  SCV  
  84  13:15  SCV  
  84  13:16  SCV  
  86  13:27  SCV  
  86  13:29  SCV  
  88  13:41  SCV  
  76  13:55  Siege Tank x2  
  75  14:01  Marine x4  
  79  14:13  Terran Infantry Armor Level 1  
  79  14:19  Marine x4  
  79  14:21  Liberator x2  
  89  14:25  Marine x2  
  89  14:27  Siege Tank  
  94  14:54  Marine  
  94  14:55  Marine  
  94  14:57  Marine x2  
  94  14:58  Marine  
  94  14:59  Marine  
  94  15:30  Marine  
  94  15:31  Medivac  
  94  15:32  Marine x2  
  93  15:40  Barracks Tech Lab  
  93  16:26  Command Center  
  87  17:05  Supply Depot  
  87  17:06  Supply Depot  
  87  17:08  Supply Depot  
  87  17:09  Supply Depot  
  87  17:19  Refinery  
  87  17:22  Factory  
  87  17:23  Refinery  
  87  17:27  Medivac x2, Marine x6  
  97  17:33  Factory  
  97  17:35  Factory  
  97  17:36  Factory  
  97  17:44  Marine x3  
  97  17:45  Marine x3  
  97  17:48  Barracks  
  100  17:57  Medivac  
  101  18:01  Medivac  
  101  18:02  Marine  
  101  18:03  Marine  
  101  18:04  Marine x2  
  78  18:20  Marine  
  78  18:21  Marine  
  78  18:22  Marine x2  
  71  18:35  SCV  
  71  18:38  SCV, Marine  
  71  18:40  Marine  
  75  18:41  Factory Tech Lab x2  
  75  18:46  SCV  
  75  18:47  SCV  
  77  18:50  SCV  
  78  18:58  SCV  
  78  18:59  SCV  
  78  19:02  SCV, Supply Depot  
  81  19:03  Supply Depot  
  81  19:06  Siege Tank x2  
  81  19:07  Siege Tank  
  81  19:09  Marine  
  90  19:10  SCV, Marine x2  
  90  19:11  SCV  
  90  19:14  SCV  
  96  19:22  SCV  
  96  19:23  Factory Tech Lab  
  97  19:27  SCV, Marine x2  
  97  19:28  Engineering Bay  
  97  19:29  Supply Depot  
Tags
 
Composition
Swarm Host
Matchup
TvZ
Spawn Locations
Cross Positions
Add a new tag
Caveats
  • Supply blocks, unpowered buildings, or Contaminate may cause inaccurate times.
  • Supply counts are checked every 10 seconds.